 Dungeon Crawl Stone Soup version 0.29.1-1-gd02db6906a (webtiles) character file.

Game seed: 1404764313874965220

178 ImASeal the Shield-Bearer (level 5, 0/53 HPs)
             Began as a Troll Fighter on Sept 15, 2022.
             Slain by a bullfrog (3 damage)
             ... in a sewer.
             The game lasted 00:05:42 (2152 turns).

ImASeal the Shield-Bearer (Troll Fighter)           Turns: 2152, Time: 00:05:43

Health: 0/53       AC:  4    Str: 26    XL:     5   Next: 32%
Magic:  4/4        EV:  9    Int:  4    God:
Gold:   140        SH:  7    Dex:  9    Spells: 4/4 levels left

rFire   . . .      SeeInvis .   a - +0 war axe
rCold   . . .      Faith    .   c - +0 kite shield
rNeg    . . .      Spirit   .   b - +0 robe
rPois   .          Reflect  .   (helmet restricted)
rElec   .          Harm     .   (no cloak)
rCorr   .          Rampage  .   (gloves unavailable)
Will    .....                   (boots unavailable)
Stlth   +.........              (no amulet)
HPRegen 0.97/turn               (no ring)
MPRegen 0.09/turn               (no ring)

@: mighty, very slow
A: large, unfitting armour, claws 3, regeneration 1, shaggy fur 1, tough skin 1
a: no special abilities


You were in a sewer.
You visited 1 branch of the dungeon, and saw 3 of its levels.
You also visited: Sewer.

You collected 140 gold pieces.

Inventory:

Hand Weapons
 a - a +0 war axe (weapon)
Armour
 b - a +0 robe (worn)
 c - a +0 kite shield (worn)
Magical Staves
 e - a staff of death
Scrolls
 h - a scroll of teleportation {unknown}
 i - a scroll of magic mapping {unknown}
 k - a scroll of identify {unknown}
 l - a scroll of amnesia {unknown}
 n - a scroll of poison {unknown}
 o - a scroll of noise {unknown}
Potions
 j - a potion of degeneration {unknown}


   Skills:
 + Level 3.0 Fighting
 + Level 3.1 Axes
 + Level 0.5 Throwing
 + Level 3.1 Dodging
 + Level 3.3 Shields


You had 4 spell levels left.
You didn't know any spells.
Your spell library contained the following spells:

 Spells                   Type           Power      Damage    Failure   Level
 Sandblast                Erth           0%         2d4       80%         1
 Passwall                 Tmut/Erth      0%         N/A       90%         2
 Ozocubu's Armour         Ice            0%         N/A       99%         3
 Stone Arrow              Conj/Erth      0%         3d7       99%         3
 Metabolic Englaciation   Hex/Ice        0%         N/A       100%        5
 Simulacrum               Ice/Necr       0%         N/A       100%        6


Dungeon Overview and Level Annotations

Branches:
Dungeon (3/15)              Sewer (1/1)

Altars:

Shops:
D:1 *


Innate Abilities, Weirdness & Mutations

You are too large for most types of armour.
You have claws for hands.
Your natural rate of healing is unusually fast.
You are covered in fur. (AC +1)
You have tough skin. (AC +1)


Message History

The bullfrog is moderately wounded.
You closely miss the bullfrog. The bullfrog hits you.
The bullfrog barely misses you. You block the bullfrog's attack.
The bullfrog hits you.
* * * LOW HITPOINT WARNING * * *
You block the bullfrog's attack.
You slash the bullfrog!
The bullfrog is severely wounded.
You hit the bullfrog. The bullfrog hits you.
* * * LOW HITPOINT WARNING * * *
The bullfrog hits you but does no damage.
The bullfrog hits you.
* * * LOW HITPOINT WARNING * * *
The bullfrog hits you but does no damage. x2
Blink to where?
Press: ? - help, Dir - move target, p - bullfrog Splash!
You fall into the shallow water.
Moving in this stuff is going to be slow.
As you read the scroll of blinking, it crumbles to dust.
The bullfrog hits you.
* * * LOW HITPOINT WARNING * * *
You slash the bullfrog!
You kill the bullfrog!
You barely miss the bullfrog. The bullfrog hits you.
* * * LOW HITPOINT WARNING * * *
The bullfrog barely misses you. You block the bullfrog's attack.
Your Fighting skill increases to level 3!
Your Axes skill increases to level 3!
You have reached level 5!
You closely miss the bullfrog.
The bullfrog is severely wounded.
The bullfrog hits you.
* * * LOW HITPOINT WARNING * * *
The bullfrog hits you!
* * * LOW HITPOINT WARNING * * *
You barely miss the bullfrog.
The bullfrog is severely wounded.
You block the bullfrog's attack. The bullfrog hits you.
You die...

#≈≈≈≈~.~..~≈~≈~≈~.#
#≈≈≈≈≈~~~~~≈≈~≈≈~.# ###
#≈≈≈≈≈??.~≈≈≈≈~≈~.# #.#
≈≈≈≈./|?~≈≈≈~~≈~.# #∩#
≈≈≈≈~./.≈≈≈≈~~≈~.# #.#
≈≈≈≈~~.≈≈≈≈≈.~≈~.# #∩#
#≈≈≈≈~≈≈≈≈≈≈.~≈÷.# #.#
≈≈≈≈≈≈~≈F†≈~.# #.#
≈≈≈≈~≈~.@≈~.###~##
≈≈≈≈≈#.~≈~.##.~.#
≈≈≈≈≈#.~≈~.##.~~#
≈≈≈###.~≈~.##.†.# ###
#.~≈~.##~~.# #.~≈~~##~~~#
#~~≈~~##~~~#
###############~~≈~.##~~~##
†..~~..~.~~..~~~~≈~~~~~~..#


You could see a bullfrog.

Vanquished Creatures
  A bullfrog (Sewer)
  6 adders
  4 endoplasms (D:2)
  9 giant cockroaches (Sewer)
  3 hobgoblins
  A jackal (D:2)
  7 kobolds
  2 quokkas (Sewer)
  5 ball pythons
  3 bats
  10 frilled lizards
  6 goblins
  4 rats (D:2)
61 creatures vanquished.

Vanquished Creatures (others)
  A fungus (D:1)
  4 plants (D:1)
5 creatures vanquished.

Grand Total: 66 creatures vanquished

Notes
Turn   | Place    | Note
-------+----------+-------------------------------------------
     0 | D:1      | ImASeal the Troll Fighter began the quest for the Orb.
     0 | D:1      | Reached XP level 1. HP: 22/22 MP: 0/0
   135 | D:1      | Found Udevoeshrun's General Store.
   188 | D:1      | Found a faded altar of an unknown god.
   653 | D:1      | Reached XP level 2. HP: 28/29 MP: 1/1
   953 | D:2      | Reached XP level 3. HP: 27/36 MP: 2/2
  1840 | D:3      | Found a glowing drain.
  1900 | D:3      | Reached XP level 4. HP: 41/44 MP: 3/3
  1911 | Sewer    | Entered a sewer
  2138 | Sewer    | Noticed a bullfrog
  2138 | Sewer    | Noticed a bullfrog
  2150 | Sewer    | Killed a bullfrog
  2151 | Sewer    | Reached XP level 5. HP: 12/53 MP: 4/4
  2151 | Sewer    | HP: 1/53 [bullfrog (7)]
  2152 | Sewer    | Slain by a bullfrog

Illustrated notes

Levels and vault maps discovered:
D:1:      dpeg_arrival_morbid_curiosity, layout_basic,
          shapermc_ecumenical_altar_mp_ritualfount, serial_shops,
          nicolae_shop_crystal, nicolae_figureground_sparkle
D:2:      layout_basic, minmay_circle_x
D:3:      layout_loops_ring, gup_sewer_entry_glass, small_statue_intersection,
          minmay_fractal_squares_5, uniq_grinder, uniq_crazy_yiuf_cottage,
          uniq_terence
Sewer:    sewer_frog_island_01

Skill      XL: |  1  2  3  4 |
---------------+-------------+-----
Axes           | 2 3 |  3.1
Shields        | 3 |  3.3
Dodging        | 3 |  3.1
Fighting       | 3 |  3.0
Throwing       | |  0.5

Action                   |  1- 3 |  4- 6 || total
-------------------------+-------+-------++-------
Melee: War axe           |   122 |    77 ||   199
Throw: Stone             |    34 |       ||    34
       Large rock        |     2 |     2 ||     4
  Use: Scroll            |       |     1 ||     1
       Potion            |       |     1 ||     1
 Stab: Sleeping          |     1 |       ||     1
Armor: Robe              |    62 |    35 ||    97
Dodge: Dodged            |    60 |    35 ||    95
Block: Kite shield       |    59 |    41 ||   100
